General information
			
			
        
        - name: BNet
 
        - type: Ladder team game (AT/RT)
 
        - host: Battle.net
 
        - saver: HIGHPERCH
 
        
map: Dragonblight 
        - players: 6
 
        - length: 24:43
 
        - speed: Fast
 - version: 1.21 W3XP
 - replay type:  

 
» download(156 KB)
Players
        team 1 (winner) 
              
              
HIGHPERCH (
orange | 88 APM | 2166 actions | 24:43)
              
 4 Blademaster 
 2 Wind Walk
 2 Critical Strike
 
                » actions 
                
                | Assign group hotkey | 12 |  | 
| Basic commands | 2 |  | 
| Build / train | 54 |  | 
| Enter build submenu | 57 |  | 
| Enter hero's abilities submenu | 4 |  | 
| Give item / drop item | 5 |  | 
| Right click | 1317 |  | 
| Select / deselect | 254 |  | 
| Select group hotkey | 358 |  | 
| Use ability | 103 |  | 
                2166 total
 » units 
                
                | Peon | 10 |  | 
| Troll Batrider | 13 |  | 
| Wind Rider | 3 |  | 
                26 total
 » upgrades
                
                | Spiked Barricades | 1 |  | 
| Liquid Fire | 1 |  | 
| Ranged Weapons | 3 |  | 
| Envenomed Spears | 1 |  | 
                6 total
 » buildings
                
                | Altar of Storms | 1 |  | 
| Orc Burrow | 4 |  | 
| War Mill | 1 |  | 
| Watch Tower | 41 |  | 
| Stronghold | 1 |  | 
| Voodoo Lounge | 1 |  | 
| Spirit Lodge | 1 |  | 
| Beastiary | 3 |  | 
| Fortress | 1 |  | 
| Great Hall | 2 |  | 
                56 total
 » build order
                00:07 Altar of Storms
00:12 Orc Burrow
00:32 War Mill
01:47 Watch Tower
02:01 Watch Tower
02:04 Watch Tower
02:13 Watch Tower
02:24 Watch Tower
02:58 Watch Tower
03:16 Stronghold
03:21 Watch Tower
03:33 Watch Tower
04:18 Watch Tower
04:22 Watch Tower
04:26 Orc Burrow
04:31 Voodoo Lounge
04:44 Watch Tower
05:10 Watch Tower
05:12 Watch Tower
05:15 Watch Tower
05:23 Orc Burrow
05:24 Watch Tower
05:40 Spirit Lodge
05:44 Beastiary
06:07 Beastiary
06:10 Beastiary
06:38 Watch Tower
07:08 Watch Tower
08:09 Fortress
08:13 Watch Tower
08:17 Watch Tower
08:21 Watch Tower
08:41 Watch Tower
09:15 Orc Burrow
09:34 Watch Tower
09:52 Watch Tower
11:27 Watch Tower
14:40 Watch Tower
14:41 Watch Tower
14:42 Watch Tower
14:43 Watch Tower
16:41 Watch Tower
16:43 Watch Tower
18:55 Watch Tower
18:56 Watch Tower
18:58 Watch Tower
23:07 Great Hall
23:09 Watch Tower
23:10 Watch Tower
23:12 Watch Tower
23:13 Watch Tower
24:09 Great Hall
24:15 Watch Tower
24:15 Watch Tower
24:16 Watch Tower
24:17 Watch Tower
» items
                
                | Healing Salve | 2 |  | 
| Lesser Clarity Potion | 8 |  | 
| Boots of Speed | 1 |  | 
| Staff of Teleportation | 1 |  | 
| Orb of Lightning | 1 |  | 
| Potion of Mana | 1 |  | 
                14 total
  
               
              
              
Kunt.roII (
green | 77 APM | 1913 actions | 24:41)
              
 7 Warden 
 3 Shadow Strike
 3 Blink
 1 Spirit of Vengeance
 
                » actions 
                
                | Assign group hotkey | 13 |  | 
| Basic commands | 46 |  | 
| Build / train | 72 |  | 
| ESC pressed | 1 |  | 
| Enter build submenu | 36 |  | 
| Enter hero's abilities submenu | 7 |  | 
| Give item / drop item | 2 |  | 
| Right click | 914 |  | 
| Select / deselect | 203 |  | 
| Select group hotkey | 512 |  | 
| Use ability | 107 |  | 
                1913 total
 » units 
                » upgrades
                
                | Strength of the Wild | 3 |  | 
| Reinforced Hides | 4 |  | 
| Ultravision | 2 |  | 
| Well Spring | 2 |  | 
| Corrosive Breath | 1 |  | 
                12 total
 » buildings
                
                | Altar of Elders | 1 |  | 
| Moon Well | 21 |  | 
| Tree of Ages | 2 |  | 
| Hunter's Hall | 1 |  | 
| Tree of Eternity | 3 |  | 
| Ancient of Wind | 1 |  | 
| Ancient of Wonders | 2 |  | 
| Tree of Life | 1 |  | 
| Chimaera Roost | 3 |  | 
                35 total
 » build order
                00:07 Altar of Elders
00:21 Moon Well
01:01 Moon Well
03:11 Moon Well
03:12 Moon Well
03:13 Moon Well
03:15 Moon Well
03:38 Tree of Ages
03:38 Tree of Ages
04:10 Hunter's Hall
04:43 Moon Well
05:31 Moon Well
05:32 Moon Well
06:13 Tree of Eternity
06:13 Tree of Eternity
06:16 Ancient of Wind
06:41 Moon Well
06:42 Moon Well
07:44 Ancient of Wonders
07:47 Moon Well
07:48 Moon Well
08:44 Moon Well
08:45 Moon Well
09:46 Tree of Life
11:34 Moon Well
11:35 Moon Well
12:30 Moon Well
12:31 Moon Well
12:55 Moon Well
13:05 Moon Well
14:24 Chimaera Roost
14:25 Chimaera Roost
14:56 Ancient of Wonders
16:12 Chimaera Roost
» items
                
                | Staff of Teleportation | 1 |  | 
| Boots of Speed | 1 |  | 
| Orb of Venom | 1 |  | 
| Potion of Healing | 2 |  | 
| Lesser Clarity Potion | 1 |  | 
| Scroll of Speed | 1 |  | 
| Scroll of Town Portal | 2 |  | 
                9 total
  
               
              
              
timgIVstrok (
teal | 71 APM | 1742 actions | 24:41)
              
 5 Archmage 
 3 Blizzard
 2 Brilliance Aura
 4 Blood Mage 
 2 Flame Strike
 2 Siphon Mana
 
                » actions 
                
                | Assign group hotkey | 4 |  | 
| Basic commands | 51 |  | 
| Build / train | 82 |  | 
| Enter build submenu | 63 |  | 
| Enter hero's abilities submenu | 9 |  | 
| Give item / drop item | 4 |  | 
| Right click | 692 |  | 
| Select / deselect | 184 |  | 
| Select group hotkey | 502 |  | 
| Use ability | 149 |  | 
                1742 total
 » units 
                » upgrades
                
                | Masonry | 2 |  | 
| Lumber Harvesting | 2 |  | 
| Magic Sentry | 1 |  | 
                5 total
 » buildings
                
                | Altar of Kings | 1 |  | 
| Farm | 3 |  | 
| Lumber Mill | 2 |  | 
| Scout Tower | 83 |  | 
| Arcane Tower | 1 |  | 
| Guard Tower | 34 |  | 
| Keep | 1 |  | 
| Town Hall | 1 |  | 
| Arcane Sanctum | 1 |  | 
| Arcane Vault | 2 |  | 
| Castle | 1 |  | 
                130 total
 » build order
                00:11 Altar of Kings
00:18 Farm
00:20 Lumber Mill
01:45 Scout Tower
02:12 Scout Tower
02:13 Arcane Tower
02:16 Scout Tower
02:21 Farm
02:41 Guard Tower
02:44 Guard Tower
02:45 Guard Tower
02:50 Lumber Mill
03:02 Scout Tower
03:28 Scout Tower
03:49 Guard Tower
03:51 Scout Tower
03:54 Scout Tower
03:55 Scout Tower
03:55 Scout Tower
03:57 Guard Tower
04:55 Guard Tower
05:04 Scout Tower
05:05 Scout Tower
05:39 Guard Tower
05:46 Scout Tower
05:47 Scout Tower
05:50 Scout Tower
06:01 Guard Tower
06:05 Scout Tower
06:07 Scout Tower
06:08 Scout Tower
06:09 Scout Tower
06:10 Scout Tower
06:11 Scout Tower
06:19 Scout Tower
06:20 Scout Tower
06:55 Guard Tower
06:58 Keep
07:26 Scout Tower
07:27 Scout Tower
07:29 Guard Tower
07:29 Guard Tower
07:32 Guard Tower
07:37 Scout Tower
07:38 Scout Tower
07:53 Scout Tower
07:54 Scout Tower
07:55 Scout Tower
07:56 Scout Tower
07:57 Scout Tower
07:58 Scout Tower
07:58 Scout Tower
08:00 Scout Tower
08:14 Guard Tower
08:20 Guard Tower
08:29 Guard Tower
08:36 Guard Tower
09:23 Town Hall
09:38 Scout Tower
09:39 Scout Tower
09:39 Scout Tower
09:40 Scout Tower
09:41 Scout Tower
09:42 Scout Tower
09:47 Scout Tower
09:47 Scout Tower
09:49 Scout Tower
09:50 Scout Tower
09:53 Scout Tower
09:57 Guard Tower
10:08 Farm
11:02 Scout Tower
11:03 Scout Tower
11:06 Scout Tower
11:10 Scout Tower
11:28 Guard Tower
12:21 Guard Tower
12:22 Arcane Sanctum
12:26 Arcane Vault
12:27 Arcane Vault
12:36 Guard Tower
13:11 Guard Tower
13:18 Castle
13:34 Scout Tower
13:35 Scout Tower
13:36 Scout Tower
13:36 Scout Tower
13:38 Scout Tower
13:42 Scout Tower
13:43 Scout Tower
13:44 Scout Tower
13:44 Scout Tower
14:36 Scout Tower
14:36 Scout Tower
14:37 Scout Tower
14:38 Scout Tower
14:42 Guard Tower
14:45 Scout Tower
14:46 Scout Tower
14:46 Scout Tower
14:47 Scout Tower
14:48 Scout Tower
14:48 Scout Tower
14:53 Scout Tower
14:53 Scout Tower
14:54 Scout Tower
14:56 Scout Tower
14:56 Scout Tower
14:59 Scout Tower
15:00 Scout Tower
15:01 Scout Tower
15:02 Scout Tower
15:36 Guard Tower
16:21 Guard Tower
16:31 Guard Tower
16:34 Guard Tower
16:36 Guard Tower
17:38 Scout Tower
17:39 Scout Tower
18:07 Guard Tower
18:12 Scout Tower
18:24 Guard Tower
18:40 Guard Tower
19:29 Guard Tower
19:31 Scout Tower
19:34 Scout Tower
19:35 Scout Tower
19:54 Guard Tower
21:25 Guard Tower
21:25 Guard Tower
» items
                
                | Staff of Teleportation | 2 |  | 
| Boots of Speed | 2 |  | 
| Orb of Lightning | 5 |  | 
| Staff of Sanctuary | 2 |  | 
                11 total
  
               team 2 (loser) 
              
              
ez.raider (
red | 62 APM | 1486 actions | 23:59)
              
 3 Far Seer 
 2 Feral Spirit
 1 Far Sight
 3 Shadow Hunter 
 1 Healing Wave
 2 Hex
 
                » actions 
                
                | Assign group hotkey | 32 |  | 
| Basic commands | 17 |  | 
| Build / train | 90 |  | 
| ESC pressed | 4 |  | 
| Enter build submenu | 17 |  | 
| Enter hero's abilities submenu | 7 |  | 
| Give item / drop item | 1 |  | 
| Right click | 682 |  | 
| Select / deselect | 297 |  | 
| Select group hotkey | 225 |  | 
| Use ability | 114 |  | 
                1486 total
 » units 
                
                | Peon | 11 |  | 
| Grunt | 14 |  | 
| Raider | 10 |  | 
| Troll Witch Doctor | 5 |  | 
| Kodo Beast | 1 |  | 
| Shaman | 2 |  | 
                43 total
 » upgrades
                
                | Berserker Strength | 1 |  | 
| Shaman Training | 3 |  | 
| Armor | 3 |  | 
| Witch Doctor Training | 2 |  | 
| Ensnare | 1 |  | 
| Reinforced Defenses | 1 |  | 
                11 total
 » buildings
                
                | Altar of Storms | 1 |  | 
| Orc Burrow | 9 |  | 
| Barracks | 1 |  | 
| Voodoo Lounge | 1 |  | 
| Stronghold | 2 |  | 
| War Mill | 1 |  | 
| Spirit Lodge | 1 |  | 
| Fortress | 1 |  | 
| Beastiary | 2 |  | 
                19 total
 » build order
                00:10 Altar of Storms
00:17 Orc Burrow
00:39 Barracks
01:24 Orc Burrow
01:57 Voodoo Lounge
03:58 Stronghold
03:58 Stronghold
04:35 Orc Burrow
05:03 War Mill
05:09 Orc Burrow
06:12 Orc Burrow
07:21 Spirit Lodge
09:01 Orc Burrow
09:03 Fortress
09:53 Orc Burrow
09:58 Beastiary
11:12 Beastiary
13:23 Orc Burrow
13:27 Orc Burrow
» items
                
                | Healing Salve | 2 |  | 
| Lesser Clarity Potion | 4 |  | 
| Scroll of Speed | 3 |  | 
| Potion of Mana | 1 |  | 
                10 total
  
               
              
              
» 
GrimProdigy (
pink | 26 APM | 642 actions | 24:40)
              
 3 Archmage 
 2 Summon Water Elemental
 1 Brilliance Aura
 
                » actions 
                
                | Basic commands | 32 |  | 
| Build / train | 55 |  | 
| Enter build submenu | 21 |  | 
| Enter hero's abilities submenu | 3 |  | 
| Remove unit from queue | 1 |  | 
| Right click | 236 |  | 
| Select / deselect | 255 |  | 
| Use ability | 39 |  | 
                642 total
 » units 
                
                | Peasant | 13 |  | 
| Footman | 4 |  | 
| Rifleman | 13 |  | 
| Sorceress | 9 |  | 
| Priest | 2 |  | 
| Mortar Team | 2 |  | 
                43 total
 » upgrades
                
                | Sorceress Training | 2 |  | 
| Gunpowder | 1 |  | 
| Armor | 1 |  | 
                4 total
 » buildings
                
                | Altar of Kings | 1 |  | 
| Barracks | 1 |  | 
| Farm | 14 |  | 
| Blacksmith | 1 |  | 
| Keep | 1 |  | 
| Scout Tower | 1 |  | 
| Arcane Tower | 1 |  | 
| Arcane Vault | 1 |  | 
| Arcane Sanctum | 2 |  | 
| Castle | 1 |  | 
| Workshop | 2 |  | 
                26 total
 » build order
                00:08 Altar of Kings
00:14 Barracks
00:18 Farm
00:32 Farm
02:05 Farm
02:48 Blacksmith
04:33 Keep
04:53 Farm
04:54 Farm
05:01 Scout Tower
05:32 Arcane Tower
06:18 Arcane Vault
07:10 Arcane Sanctum
07:11 Arcane Sanctum
07:28 Farm
08:21 Castle
09:07 Farm
09:07 Farm
10:38 Farm
12:22 Farm
12:23 Farm
16:29 Farm
16:30 Farm
16:31 Farm
22:19 Workshop
22:29 Workshop
 
               
              
              
Liam (
yellow | 75 APM | 1814 actions | 24:02)
              
 4 Demon Hunter 
 2 Mana Burn
 2 Evasion
 
                » actions 
                
                | Assign group hotkey | 34 |  | 
| Basic commands | 274 |  | 
| Build / train | 39 |  | 
| ESC pressed | 3 |  | 
| Enter build submenu | 26 |  | 
| Enter hero's abilities submenu | 4 |  | 
| Right click | 622 |  | 
| Select / deselect | 298 |  | 
| Select group hotkey | 453 |  | 
| Use ability | 61 |  | 
                1814 total
 » units 
                
                | Wisp | 10 |  | 
| Huntress | 7 |  | 
| Dryad | 4 |  | 
| Glaive Thrower | 3 |  | 
| Druid of the Claw | 4 |  | 
                28 total
 » upgrades
                
                | Druid of the Claw Training | 2 |  | 
| Reinforced Hides | 1 |  | 
                3 total
 » buildings
                
                | Altar of Elders | 3 |  | 
| Moon Well | 10 |  | 
| Hunter's Hall | 1 |  | 
| Ancient of War | 1 |  | 
| Ancient of Wonders | 1 |  | 
| Tree of Ages | 1 |  | 
| Ancient of Lore | 2 |  | 
| Tree of Eternity | 1 |  | 
| Tree of Life | 3 |  | 
                23 total
 » build order
                00:08 Altar of Elders
00:16 Moon Well
01:43 Hunter's Hall
01:50 Ancient of War
01:58 Moon Well
02:15 Ancient of Wonders
03:17 Moon Well
03:25 Tree of Ages
05:00 Moon Well
05:50 Ancient of Lore
06:44 Ancient of Lore
06:51 Moon Well
07:21 Tree of Eternity
08:41 Moon Well
10:47 Moon Well
12:44 Moon Well
16:44 Tree of Life
19:22 Altar of Elders
19:27 Moon Well
19:43 Tree of Life
22:12 Tree of Life
22:14 Altar of Elders
22:17 Moon Well
» items
                 
                Chat log
          (00:01 / All) HIGHPERCH: play?
(00:08 / Allies) timgIVstrok: ;play
(00:11 / Allies) Kunt.roII: i guess  so
(00:13 / Allies) HIGHPERCH: just win it
(00:17 / Allies) HIGHPERCH: invismort or whatev
(00:18 / Allies) Kunt.roII: RUSH OR CC???
(00:22 / Allies) HIGHPERCH: tower gimmicks
(00:27 / Allies) Kunt.roII: alrite
(00:29 / Allies) timgIVstrok: makieng a tower.
(00:45 / Allies) HIGHPERCH: kunt feed us & chimaera?
(00:50 / Allies) Kunt.roII: alrite
(00:58 / Allies) HIGHPERCH: i got mid, timg help w/ mid & get right
(01:10 / Allies) timgIVstrok: hmm nope.
(01:15 / Allies) HIGHPERCH: hmmmm mid all me?
(01:20 / Allies) timgIVstrok: hmm yes.
(01:33 / Allies) HIGHPERCH: thank u.
(01:41 / Allies) timgIVstrok: np i figured ud enjoy it.
(01:47 / Allies) Kunt.roII: ~_~
(02:00 / Allies) timgIVstrok: west more like not best (for latency)
(02:34 / Allies) HIGHPERCH: harange & entangle
(02:47 / All) HIGHPERCH: woof
(02:58 / All) timgIVstrok: arf&yarf
(03:12 / All) timgIVstrok: suck my dick; prepare to!!!!!!!!!!!
(03:21 / Allies) timgIVstrok: lmfaromf
(03:39 / Allies) HIGHPERCH: 15 on mine
(03:41 / Allies) timgIVstrok: 100 guys on gold
(04:01 / All) Kunt.roII: hello
(04:05 / All) Kunt.roII: how are u 2nite
(04:16 / Allies) timgIVstrok: peace and adios & see you later!
(04:19 / Allies) HIGHPERCH: OMG 1 mana
(04:34 / Allies) Kunt.roII: nj
(04:35 / Allies) timgIVstrok: surrounded.
(04:39 / Allies) timgIVstrok: surrounDEAD
(04:43 / Allies) timgIVstrok: jk
(04:50 / All) HIGHPERCH: u all engelish?
(05:08 / All) timgIVstrok: i hail from macedonia;
(05:25 / All) GrimProdigy: thats nice...b proud =D
(05:32 / All) timgIVstrok: ehehe;;
(05:32 / All) HIGHPERCH: WHERE U FROM!
(06:18 / Allies) HIGHPERCH: i hate being level1
(06:23 / All) HIGHPERCH: all of u STINK
(06:24 / Allies) timgIVstrok: elf take
(06:30 / All) GrimProdigy: ok
(06:31 / All) timgIVstrok: bwahahahaha fat pussy dogs
(06:43 / Allies) HIGHPERCH: wtf is wrong with u
(06:46 / Allies) timgIVstrok: agi 2
(06:52 / Allies) HIGHPERCH: goin
(06:56 / Allies) HIGHPERCH: ty for Hot Tip
(07:01 / All) HIGHPERCH: damn it
(07:02 / Allies) timgIVstrok: tower mains
(07:04 / Allies) timgIVstrok: we got revealed
(07:11 / Allies) Kunt.roII: tower me ne1
(07:12 / Allies) timgIVstrok: also i took a agi 2 tome before sry
(07:13 / Allies) HIGHPERCH: that dog saw it a long time go
(07:38 / All) HIGHPERCH: lol
(07:42 / Allies) timgIVstrok: fee dme i tower
(08:04 / Allies) Kunt.roII: ugh.
(08:04 / All) HIGHPERCH: thanks
(08:21 / Allies) timgIVstrok: elf tayk
(08:26 / Allies) Kunt.roII: o m w
(08:32 / Allies) HIGHPERCH: these guys love getting jacked off
(08:38 / Allies) timgIVstrok: gross
(08:43 / Allies) timgIVstrok: i wanna jo into cyclone.
(09:01 / Allies) HIGHPERCH: kreeping like krazy
(09:11 / Allies) timgIVstrok: yay/awoot
(09:28 / Allies) HIGHPERCH: hahahahahahh
(09:42 / Allies) HIGHPERCH: wood?
(09:43 / Allies) timgIVstrok: lum
(10:06 / Allies) Kunt.roII: blizz this yo]
(10:11 / Allies) HIGHPERCH: what i said about creep like crazy....ignore it
(10:13 / Allies) HIGHPERCH: they did 2 creeps
(10:18 / Allies) timgIVstrok: mor elumber....required
(10:51 / Allies) timgIVstrok: do they have ud
(10:52 / Allies) HIGHPERCH: no
(10:55 / Allies) HIGHPERCH: hu ne orc
(10:57 / Allies) timgIVstrok: tripping balls then
(11:07 / All) HIGHPERCH: stop 
(11:09 / All) HIGHPERCH: the game
(11:10 / All) HIGHPERCH: got 2 stop for a sec
(11:13 / All) HIGHPERCH: was scrolliNNg too fast
(11:13 / Allies) timgIVstrok: we should collaborate
(11:16 / All) HIGHPERCH: i could get hurt....
(11:16 / Allies) timgIVstrok: before
(11:17 / Allies) timgIVstrok: we do this
(11:21 / All) HIGHPERCH: help
(11:22 / Allies) HIGHPERCH: help me
(11:23 / All) HIGHPERCH: help me
(11:37 / All) timgIVstrok: fuck he fail out of chair brb one sec please
(11:40 / All) HIGHPERCH: Ddddddddddddddddddddddddddddddd
(11:46 / Allies) timgIVstrok: lum
(11:50 / All) timgIVstrok: would u realy beat up a criple
(12:08 / Allies) timgIVstrok: west ;lag=no tp!!!!!
(12:10 / All) HIGHPERCH: u will not be forgotten Manath
(12:18 / Allies) HIGHPERCH: u want belt for mk?>
(12:32 / Allies) timgIVstrok: tripping ball's
(12:38 / Allies) timgIVstrok: lum
(12:47 / Allies) timgIVstrok: mad lumbuary
(12:48 / Allies) Kunt.roII: bear&
(12:50 / Allies) HIGHPERCH: nah i gonna jack
(12:51 / Allies) timgIVstrok: MD
(12:52 / Allies) timgIVstrok: LUM
(12:53 / Allies) timgIVstrok: wait
(12:54 / Allies) timgIVstrok: wait for hero
(12:56 / Allies) HIGHPERCH: damn it
(13:23 / Allies) timgIVstrok: gold ? ?
(13:31 / Allies) Kunt.roII: mah life savings
(13:51 / Allies) Kunt.roII: cum
(13:52 / Allies) HIGHPERCH: ok i wreck ne now
(14:00 / Allies) timgIVstrok: wow
(14:02 / Allies) timgIVstrok: i said wait
(14:03 / Allies) timgIVstrok: for heroes
(14:05 / Allies) timgIVstrok: noob faggot
(14:05 / Allies) HIGHPERCH: well 
(14:06 / Allies) Kunt.roII: u staff
(14:06 / Allies) HIGHPERCH: chill
(14:07 / Allies) Kunt.roII: reveal me
(14:09 / Allies) HIGHPERCH: we're just gonna end it
(14:18 / Allies) HIGHPERCH: this is micro warmup for highpec (6)
(14:19 / Allies) timgIVstrok: dman
(14:25 / Allies) timgIVstrok: share
(14:45 / Allies) Kunt.roII: i have 2 save for chims now i guess
(14:57 / All) HIGHPERCH: quit now thanks
(15:04 / Allies) timgIVstrok: yes u may
(15:12 / All) HIGHPERCH: HAHahhahahahahah
(15:19 / All) HIGHPERCH: oh my fucking god
(15:20 / Allies) timgIVstrok: dont make them quit maybe
(15:22 / Allies) timgIVstrok: well idkidc
(15:23 / Allies) HIGHPERCH: yes do
(17:28 / Allies) timgIVstrok: let by gones be gay gones
(18:08 / Allies) HIGHPERCH: lmao
(18:53 / Allies) Kunt.roII: shall i go to 100
(18:55 / Allies) Kunt.roII: yes i shall
(19:30 / Allies) HIGHPERCH: pink is at 100
(19:31 / Allies) HIGHPERCH: so why not
(19:34 / Allies) HIGHPERCH: status quo
(20:15 / Allies) HIGHPERCH: lmao
(20:17 / Allies) HIGHPERCH: did you see that
(22:10 / Allies) HIGHPERCH: tiggity piggity
(22:14 / Allies) HIGHPERCH: u aint got
(22:15 / Allies) HIGHPERCH: lmao
(22:20 / Allies) timgIVstrok: he has snare too
(22:27 / Allies) HIGHPERCH: fucking lol
(22:31 / Allies) HIGHPERCH: haven't played westies in forever
(22:34 / Allies) HIGHPERCH: forgot how funny it is
(22:43 / Allies) HIGHPERCH: how did that happen
(22:44 / Allies) HIGHPERCH: damn
(22:49 / Allies) timgIVstrok: hahaha
(22:54 / Allies) Kunt.roII: time for a joke
(23:35 / Allies) Kunt.roII: these burrows
(23:36 / All) HIGHPERCH: wow why do you have 73 burrows
(23:36 / Allies) Kunt.roII: are pro
(23:43 / Allies) HIGHPERCH: wood please
(24:19 / All) HIGHPERCH: QUIT
(24:31 / Allies) HIGHPERCH: what was that.
(24:32 / Allies) HIGHPERCH: thanks.
(24:33 / Allies) timgIVstrok: owned this guy epxo
(24:36 / All) GrimProdigy: shut ur faggot face up...u piece o shit fuck face